 Dungeon Crawl Stone Soup version 0.28-a0-1387-g3a22ab9bdc (webtiles) character file.

Game seed: 5482998150296439220

254 bande the Covered (level 6, -1/38 HPs)
             Began as a Gargoyle Fighter on Jan 2, 2022.
             Slain by Pikel (9 damage)
             ... on level 3 of the Dungeon.
             The game lasted 00:04:53 (3384 turns).

bande the Covered (Gargoyle Fighter)                Turns: 3384, Time: 00:04:54

Health: -1/38      AC: 11    Str: 21    XL:     6   Next: 14%
Magic:  6/6        EV: 13    Int:  9    God:
Gold:   156        SH:  4    Dex: 11    Spells: 5/5 levels left

rFire   . . .      SeeInvis .   a - +0 war axe
rCold   . . .      Faith    .   c - +0 buckler
rNeg    + + .      Spirit   .   b - +0 scale mail
rPois   ∞          Reflect  .   (no helmet)
rElec   +          Harm     .   (no cloak)
rCorr   .          Rampage  .   (no gloves)
Will    .....                   (no boots)
Stlth   ..........              (no amulet)
HPRegen 0.12/turn               g - ring of Bomomo Biefo {rPois rN+ EV+4 Str+2}
MPRegen 0.10/turn               (no ring)

@: mighty
A: sickness immunity, AC +4, negative energy resistance 1, electricity
resistance, torment resistance 1, petrification resistance
a: no special abilities


You were on level 3 of the Dungeon.
You visited 1 branch of the dungeon, and saw 4 of its levels.

You collected 156 gold pieces.

Inventory:

Hand Weapons
 a - a +0 war axe (weapon)
 e - a +0 flail
Armour
 b - a +0 scale mail (worn)
 c - a +0 buckler (worn)
Jewellery
 g - a ring of Bomomo Biefo (left hand) {rPois rN+ EV+4 Str+2}
   (You found it on level 3 of the Dungeon)

   [ring of evasion]

   EV:        It affects your evasion (+4).
   Str:       It affects your strength (+2).
   rPois:     It protects you from poison.
   rN:        It protects you from negative energy.
Scrolls
 h - a scroll of magic mapping {unknown}
 k - a scroll of enchant armour {unknown}
Potions
 d - 2 potions of might
 i - a potion of mutation {unknown}
 j - a potion of ambrosia


   Skills:
 + Level 4.1 Fighting
 + Level 4.2 Axes
 + Level 4.4 Armour
 + Level 4.0 Shields


You had 5 spell levels left.
You didn't know any spells.
Your spell library contained the following spells:

 Spells                   Type           Power      Damage    Failure   Level
 Gell's Gravitas          Tloc           0%         N/A       97%         3
 Teleport Other           Tloc           0%         N/A       97%         3
 Dispersal                Tloc           0%         N/A       100%        6


Dungeon Overview and Level Annotations

Branches:
Dungeon (4/15)
 Temple: D:4-7

Altars:
Elyvilon

Annotations:
D:3 Pikel


Innate Abilities, Weirdness & Mutations

You are immune to sickness and miasma.
Your stone body is resilient. (AC +4)
You are immune to poison.
You resist negative energy. (rN+)
You are resistant to electric shocks. (rElec)
You are resistant to unholy torment.
You are immune to petrification.


Message History

Pikel hits you but does no damage.
You miss Pikel.
Pikel is heavily wounded.
Pikel says, "I knew I should've brought a map."
Pikel barely misses you. Pikel hits you but does no damage.
You completely miss Pikel.
Pikel is heavily wounded.
Pikel barely misses you.
You hit Pikel but do no damage.
Pikel is heavily wounded.
Pikel hits you with a +1 whip of freezing!
Pikel freezes you.
* * * LOW HITPOINT WARNING * * *
You hit Pikel.
Pikel is heavily wounded.
Pikel closely misses you.
You barely miss Pikel.
Pikel is heavily wounded.
Pikel hits you with a +1 whip of freezing.
* * * LOW HITPOINT WARNING * * *
Pikel freezes you.
* * * LOW HITPOINT WARNING * * *
You block Pikel's attack.
You feel better. Pikel misses you.
You feel very mighty all of a sudden.
Pikel hits you with a +1 whip of freezing.
* * * LOW HITPOINT WARNING * * *
Pikel freezes you.
* * * LOW HITPOINT WARNING * * *
You slash Pikel!
Pikel is almost dead.
Pikel barely misses you.
You miss Pikel.
Pikel is almost dead.
Pikel hits you but does no damage.
You closely miss Pikel.
Pikel is almost dead.
Pikel hits you but does no damage.
Pikel hits you with a +1 whip of freezing!
You die...

#.#.# #.#.# #.#.#
##########.#.## )............>#
###.....##.#..# # #.....##.#..#
#
#.....##.#..###################
#
#.....##.#..5K@................
#
#.....##.#.##############..####
# #.....##.#..........# #..# #
###.####.##########.#####..#
#.# #.# #.#......# #.# #.#
#.#.####.# #.# #.# #.#.# #.#
#.# #.# #.#.# #.# #.# #.# #.#.#
#.#


You could see Pikel and a lemure.

Vanquished Creatures
  A kobold brigand (D:3)
  An orc priest (D:2)
  A hound (D:3)
  An iguana (D:4)
  An orc wizard (D:3)
  2 adders (D:2)
  5 orcs
  5 endoplasms
  2 giant cockroaches
  6 hobgoblins
  7 jackals
  5 ball pythons
  5 bats
  5 frilled lizards
  3 goblins
  4 kobolds (D:1)
  5 rats
59 creatures vanquished.

Notes
Turn   | Place    | Note
-------+----------+-------------------------------------------
     0 | D:1      | bande the Gargoyle Fighter began the quest for the Orb.
     0 | D:1      | Reached XP level 1. HP: 14/14 MP: 1/1
   153 | D:1      | Reached XP level 2. HP: 19/19 MP: 2/2
   659 | D:1      | Reached XP level 3. HP: 24/24 MP: 3/3
   721 | D:1      | Found a faded altar of an unknown god.
  1687 | D:2      | Reached XP level 4. HP: 26/29 MP: 4/4
  1737 | D:2      | Found a white marble altar of Elyvilon.
  2095 | D:3      | Reached XP level 5. HP: 29/33 MP: 5/5
  2257 | D:3      | Identified a ring of Bomomo Biefo {rPois rN+ EV+4 Str+2}
  2514 | D:3      | Noticed a kobold brigand
  2528 | D:3      | Killed a kobold brigand
  3341 | D:4      | Noticed a lemure
  3342 | D:4      | Noticed Pikel
  3345 | D:4      | Reached XP level 6. HP: 38/38 MP: 6/6
  3384 | D:3      | Slain by Pikel

Illustrated notes

Levels and vault maps discovered:
D:1:      nzn_arrival_depleted_hourglass, layout_basic,
          shapermc_ecumenical_altar_mp_vishouse
D:2:      layout_loops_ring, basic_altar
D:3:      layout_basic
D:4:      layout_layer_cave, uniq_duvessa, uniq_pikel

Skill      XL: |  1  2  3  4  5 |
---------------+----------------+-----
Axes           | 2 3 4 |  4.2
Armour         | 4 |  4.4
Fighting       | 4 |  4.1
Shields        | 4 |  4.0

Action                   |  1- 3 |  4- 6 || total
-------------------------+-------+-------++-------
Melee: War axe           |   118 |    94 ||   212
  Use: Scroll            |       |     5 ||     5
       Potion            |       |     2 ||     2
Armor: Scale mail        |    72 |    45 ||   117
Dodge: Dodged            |    70 |    67 ||   137
Block: Buckler           |    27 |    21 ||    48

Table legend: (Time is in decaauts)
 A = Elapsed time spent in this place.
 B = Non-inter-level travel time spent in this place.
 C = Inter-level travel time spent in this place.
 D = Time resting spent in this place.
 E = Time spent auto-exploring this place.
 F = Levels seen in this place.
 G = Mean time per level.
                   A        B        C        D        E       F      G
               +--------+--------+--------+--------+--------+-----+--------+
         Total |   3464 |   3392 |     72 |    347 |   2449 |   4 |  866.0 |
       Dungeon |   3464 |   3392 |     72 |    347 |   2449 |   4 |  866.0 |
               +--------+--------+--------+--------+--------+-----+--------+

Top non-repeatable levels by time:
     D:3: 1345 daAuts
     D:1: 1115 daAuts
     D:2: 994 daAuts
     D:4: 8 daAuts
